 Dungeon Crawl Stone Soup version 0.21-a0-207-g4a9efaf (webtiles) character file.

31 aurelian the Insei (level 3, 0/23 HPs)
             Began as an Octopode Transmuter on Aug 20, 2017.
             Slain by a goblin
             ... wielding a +0 club
             ... led by Robin
              (3 damage)
             ... on level 2 of the Dungeon.
             The game lasted 00:02:36 (1287 turns).

aurelian the Insei (Octopode Transmuter)            Turns: 1287, Time: 00:02:36

Health: 0/23       AC:  2    Str:  9    XL:     3   Next: 22%
Magic:  2/6        EV: 19    Int: 16    God:
Gold:   54         SH:  0    Dex: 17    Spells: 0/6 levels left

rFire    . . .     SeeInvis .     - Unarmed
rCold    . . .     Gourm    .   (shield currently unavailable)
rNeg     . . .     Faith    .   (helmet currently unavailable)
rPois    x         Spirit   .   (no amulet)
rElec    .         Reflect  .   i - ring of wizardry
rCorr    .         Harm     .   (no ring)
MR       .....                  (no ring)
Stlth    ++........             (no ring)
HPRegen  0.07/turn              (no ring)
MPRegen  0.10/turn              (no ring)
                                (no ring)
                                (no ring)

@: lethally poisoned (0 -> -7), spider-form
A: almost no armour, stealthy swim, (amphibious), 8 rings, (constrict 8)
a: End Transformation


You were on level 2 of the Dungeon.
You were hungry.
You were a venomous arachnid creature.
You visited 1 branch of the dungeon, and saw 2 of its levels.

You collected 54 gold pieces.

Inventory:

Hand Weapons
 l - a +1 dagger of freezing
Missiles
 a - 12 arrows
 k - 96 stones (quivered)
Jewellery
 i - a ring of wizardry (left front leg)
Scrolls
 d - a scroll of remove curse {unknown}
 e - a scroll of identify {unknown}
 f - a scroll of fog {unknown}
 m - a scroll of amnesia {unknown}
Potions
 g - a potion of agility {unknown}
Books
 b - a book of Changes

   Spells                             Type                      Level
   a - Beastly Appendage              Transmutation                1
   b - Sticks to Snakes               Transmutation                2
   c - Spider Form                    Transmutation/Poison         3
   d - Ice Form                       Ice/Transmutation            4
   e - Blade Hands                    Transmutation                5
Comestibles
 c - a bread ration
 h - 2 chunks of flesh
 j - a royal jelly


   Skills:
 - Level 1.0 Fighting
 - Level 2.0 Dodging
 + Level 3.8 Unarmed Combat
 - Level 2.0 Spellcasting
 + Level 2.6 Transmutations
 + Level 0.2 Poison Magic


You couldn't memorise any spells.
You knew the following spells:

 Your Spells              Type           Power        Failure   Level  Hunger
a - Beastly Appendage     Tmut           #.....       8%          1    #......
b - Sticks to Snakes      Tmut           #.......     11%         2    ###....
c - Spider Form           Tmut/Pois      #.........   26%         3    ###....


Dungeon Overview and Level Annotations

Branches:
Dungeon (2/15)

Altars:


Innate Abilities, Weirdness & Mutations

You cannot wear most types of armour.
You are very stealthy in the water. (Stealth+)
((You are amphibious.))
You can wear up to eight rings at the same time.
((You can use your tentacles to constrict eight enemies at once.))
((Your skin changes colour to match your surroundings (Stealth+).))
((Your rubbery body absorbs attacks. (AC +1, EV +1)))


Message History

Confirm with . or Enter, or press ? or * to list all spells.
One of your tentacles grows a vicious spike.
You feel sick. The adder bites you.
You are more poisoned.
The adder poisons you!
You are feeling hungry.
You feel sick. The adder bites you.
Casting: Beastly Appendage
Confirm with . or Enter, or press ? or * to list all spells.
Your tentacle spike disappears.
You turn into a venomous arachnid creature.
The adder closely misses you. The adder barely misses you.
The goblin closely misses you.
You closely miss the adder.
You feel sick. The adder bites you but does no damage. The goblin hits you.
* * * LOW HITPOINT WARNING * * *
Unknown command.
You closely miss the adder. The adder misses you.
The goblin hits you with a club.
You die...

#####.........#..........#
##........................#
#####..#...........###.........
......##.#.........# #.........
.................### ##.#....##
....#.####.........####.##...#
........ #..............# #..#
......#.#........g......# #..####
#######...###...sg......###.....#
# #.##...S.g............#.. #
......................#. #
......................).
.......................#
......#####............# ......
##............ ......
#............ .... ##......$..#.


You could see an adder and 3 goblins.

Vanquished Creatures
  2 dart slugs (D:1)
  A leopard gecko (D:1)
  5 goblins (D:1)
  6 hobgoblins
  3 kobolds (D:1)
  A quokka (D:2)
  2 bats
  A frilled lizard (D:1)
  3 rats (D:1)
24 creatures vanquished.

Notes
Turn   | Place    | Note
-------+----------+-------------------------------------------
     0 | D:1      | aurelian the Octopode Transmuter began the quest for the Orb.
     0 | D:1      | Reached XP level 1. HP: 13/13 MP: 3/3
   368 | D:1      | Reached XP level 2. HP: 13/18 MP: 3/5
   448 | D:1      | Learned a level 2 spell: Sticks to Snakes
   944 | D:1      | Reached XP level 3. HP: 22/23 MP: 4/6
   952 | D:1      | Learned a level 3 spell: Spider Form
  1287 | D:2      | Slain by a goblin

Vault maps used:
D:1:      dpeg_arrival_pits
D:2:      minmay_wonky_spiral, lemuel_coloured_pillars_altar, minitemple,
          uniq_robin, uniq_sigmund, uniq_crazy_yiuf_cottage

Action                   || total
-------------------------++-------
Melee: Unarmed           ||    46
       Constrict         ||    12
       Kick              ||     8
       Tentacles         ||     8
Throw: Stone             ||     1
 Cast: Beastly Appendage ||    22
       Spider Form       ||     1
 Stab: Sleeping          ||     2
  Eat: Chunk             ||     1
Armor: Skin              ||     1
Dodge: Dodged            ||    25
